 Dungeon Crawl Stone Soup version 0.23-a0-407-g92528d7 (webtiles) character file.

127 wazuzu the Caller (level 5, -3/28 HPs)
             Began as a Tengu Summoner on Nov 7, 2018.
             Slain by Crazy Yiuf
             ... wielding a +2 quarterstaff of chaos
              (12 damage)
             ... on level 2 of the Dungeon.
             The game lasted 00:11:55 (3142 turns).

wazuzu the Caller (Tengu Summoner)                  Turns: 3142, Time: 00:11:55

Health: -3/28      AC:  2    Str:  8    XL:     5   Next: 11%
Magic:  8/11       EV: 12    Int: 17    God:
Gold:   44         SH:  0    Dex: 14    Spells: 8/11 levels left

rFire    . . .     SeeInvis .   a - +1 dagger (speed)
rCold    . . .     Gourm    .   (no shield)
rNeg     . . .     Faith    .   d - +0 robe
rPois    .         Spirit   .   (helmet restricted)
rElec    .         Reflect  .   (no cloak)
rCorr    .         Harm     .   (no gloves)
MR       .....                  (boots unavailable)
Stlth    ++........             (no amulet)
HPRegen  0.09/turn              (no ring)
MPRegen  0.12/turn              (no ring)

@: drained
A: beak, talons 3, able to fly 1
a: Fly


You were on level 2 of the Dungeon.
You were hungry.

You visited 1 branch of the dungeon, and saw 2 of its levels.

You collected 44 gold pieces.

Inventory:

Hand Weapons
 a - a +1 dagger of speed (weapon)
 b - a +0 hunting sling
Missiles
 g - 77 stones (quivered)
Armour
 d - a +0 robe (worn)
 q - a +0 buckler
Wands
 p - a wand of random effects (18)
Scrolls
 i - a scroll of magic mapping {unknown}
 k - a scroll of teleportation {unknown}
 m - a scroll of noise {unknown}
 n - a scroll of enchant armour {unknown}
Potions
 e - 2 potions of cancellation {unknown}
 f - a potion of curing
 h - a potion of lignification {unknown}
 j - 2 potions of degeneration {unknown}
 l - a potion of flight {unknown}
Comestibles
 c - 4 rations


   Skills:
 - Level 2.1(1.9) Dodging
 - Level 2.0(1.7) Stealth
 + Level 3.9(3.6) Spellcasting
 - Level 6.0(5.7) Summonings


You had 8 spell levels left.
You knew the following spells:

 Your Spells              Type           Power        Failure   Level  Hunger
a - Summon Small Mammal   Summ           ###.         1%          1    None
b - Call Imp              Summ           ###.....     2%          2    ##.....

Your spell library contained the following spells:

 Spells                   Type           Power        Failure   Level  Hunger
 Call Canine Familiar     Summ           ###.....     4%          3    ###....
 Summon Guardian Golem    Hex/Summ       ##......     16%         3    ###....
 Summon Ice Beast         Ice/Summ       ##......     45%         4    ####...
 Summon Lightning Spire   Summ/Air       ##......     45%         4    ####...


Dungeon Overview and Level Annotations

Branches:
Dungeon (2/15)

Altars:
Elyvilon

Annotations:
D:2 Crazy Yiuf


Innate Abilities, Weirdness & Mutations

You have a beak for a mouth.
You have claws for feet.
You can fly.


Message History

You stick Crazy Yiuf but do no damage! You peck Crazy Yiuf!
Crazy Yiuf is heavily wounded!
Crazy Yiuf hits you with a +2 quarterstaff of chaos!
You feel drained!
You barely miss Crazy Yiuf!
Crazy Yiuf is heavily wounded!
You stick Crazy Yiuf like a pincushion! You peck Crazy Yiuf, but do no damage!
Crazy Yiuf is heavily wounded!
Crazy Yiuf says, "Whiteboard!!!"
Crazy Yiuf hits you with a +2 quarterstaff of chaos!
You closely miss Crazy Yiuf! You claw Crazy Yiuf, but do no damage!
Crazy Yiuf is severely wounded!
Crazy Yiuf hits you but does no damage!
You completely miss Crazy Yiuf!
Crazy Yiuf is almost dead!
You spit Crazy Yiuf but do no damage! You claw Crazy Yiuf!
You peck Crazy Yiuf, but do no damage!
Crazy Yiuf is almost dead!
Crazy Yiuf hits you with a +2 quarterstaff of chaos!!! rip

##..####....#######...#
###.# ####.......##..#####
....### ###.....#.......#
......# ##########....#
#....## #....#
##....####### #....#
.....#....#.######## #....#
...........#..##rr.# #...<#
..#.......####.'@g.# #....#
###......## ###.b)# ######
##..#### ##### ###...#
......#
###...#####################
#..............#...##...##
#.............#....>....[##
#................[........#


You could see Crazy Yiuf, 2 friendly quokkas and a friendly bat.

Vanquished Creatures
  Natasha (D:2)
  Robin (D:2)
  3 adders (D:2)
  An ooze (D:1)
  A worm (D:2)
  A dart slug (D:1)
  A leopard gecko (D:2)
  A bat (D:1)
  A giant cockroach (D:1)
  5 goblins
  6 hobgoblins
  A ball python (D:1)
  3 frilled lizards
  4 kobolds
  6 rats
36 creatures vanquished.

Vanquished Creatures (collateral kills)
  Natasha (D:1)
  An adder (D:2)
  2 dart slugs (D:1)
  3 ball pythons (D:2)
  6 goblins (D:2)
  2 hobgoblins
  A frilled lizard (D:2)
  2 kobolds (D:1)
  A rat (D:1)
19 creatures vanquished.

Grand Total: 55 creatures vanquished

Notes
Turn   | Place    | Note
-------+----------+-------------------------------------------
     0 | D:1      | wazuzu the Tengu Summoner began the quest for the Orb.
     0 | D:1      | Reached XP level 1. HP: 10/10 MP: 4/4
   331 | D:1      | Reached skill level 5 in Summonings
   376 | D:1      | Reached XP level 2. HP: 13/15 MP: 4/6
   982 | D:1      | Learned a level 2 spell: Call Imp
  1254 | D:1      | Reached XP level 3. HP: 19/19 MP: 7/7
  1782 | D:2      | Found a white marble altar of Elyvilon.
  1801 | D:2      | Reached skill level 6 in Summonings
  1806 | D:2      | Noticed Natasha
  1828 | D:2      | Killed Natasha
  1828 | D:2      | Reached XP level 4. HP: 15/24 MP: 7/9
  1836 | D:2      | Noticed Natasha
  2015 | D:1      | Killed Natasha
  2570 | D:2      | Noticed Robin
  2730 | D:2      | Killed Robin
  2730 | D:2      | Gained mutation: You can fly. [Tengu growth]
  2730 | D:2      | Reached XP level 5. HP: 19/28 MP: 7/11
  3001 | D:2      | Found a runed door.
  3126 | D:2      | Noticed Crazy Yiuf
  3142 | D:2      | Slain by Crazy Yiuf

Vault maps used:
D:1:      lemuel_arrival_tunnels
D:2:      elyvilon_altar_5, uniq_robin, uniq_natasha, uniq_crazy_yiuf_cottage

Skill      XL: |  1  2  3 |
---------------+----------+-----
Summonings     | 5 6 |  6.0
Spellcasting   | 3 |  3.9
Dodging        | |  2.1
Stealth        | |  2.0

Action                   |  1- 3 |  4- 6 || total
-------------------------+-------+-------++-------
Melee: Dagger            |    50 |    62 ||   112
       Kick              |     8 |    17 ||    25
       Peck              |     8 |     7 ||    15
       Unarmed           |     2 |       ||     2
 Fire: Hunting sling     |    31 |    15 ||    46
Throw: Stone             |     3 |       ||     3
 Cast: Summon Small Mamm |    19 |    28 ||    47
 Abil: Fly               |       |     1 ||     1
  Use: Potion            |     1 |       ||     1
 Stab: Distracted        |     2 |     2 ||     4
       Sleeping          |       |     1 ||     1
  Eat: Chunk             |     1 |     2 ||     3
       Ration            |     1 |       ||     1
Armor: Robe              |     7 |     6 ||    13
Dodge: Dodged            |    35 |    43 ||    78

Table legend:
 A = Non-vault XP
 B = Vault XP
 C = Vault XP percentage of total XP
 D = Non-vault monster count
 E = Vault monster count
 F = Vault count percentage of total count
                 A         B        C        D         E       F
            +---------+---------+-------+---------+---------+-------
      Total |     134 |      48 |  26.4 |      43 |      12 |  21.8
            +---------+---------+-------+---------+---------+-------
        D:1 |      60 |       0 |   0.0 |      21 |       0 |   0.0
        D:2 |      74 |      48 |  39.3 |      22 |      12 |  35.3
            +---------+---------+-------+---------+---------+-------
